 Dungeon Crawl Stone Soup version 0.28-a0-938-gbc3f381ebc (webtiles) character file.

Game seed: 16619574484486940852

533 Turgor the Conjurer (level 6, -2/45 HPs)
             Began as a Demigod Conjurer on Nov 28, 2021.
             Slain by a gnoll sergeant (12 damage)
             ... on level 4 of the Dungeon.
             The game lasted 00:25:21 (4576 turns).

Turgor the Conjurer (Demigod Conjurer)              Turns: 4576, Time: 00:25:21

Health: -2/45      AC:  3    Str: 12    XL:     6   Next: 73%
Magic:  3/15       EV: 12    Int: 24    God:
Gold:   163        SH:  0    Dex: 12    Spells: 5/13 levels left

rFire   . . .      SeeInvis .   d - +0 trident
rCold   . . .      Faith    .   (no shield)
rNeg    . . .      Spirit   .   a - +1 robe
rPois   +          Reflect  .   (no helmet)
rElec   .          Harm     .   (no cloak)
rCorr   .          Rampage  .   (no gloves)
Will    .....                   (no boots)
Stlth   ++........              (no amulet)
HPRegen 0.15/turn               c - ring of poison resistance
MPRegen 0.14/turn               (no ring)

@: no status effects
A: high mp 1, forlorn
a: no special abilities


You were on level 4 of the Dungeon.
You visited 2 branches of the dungeon, and saw 5 of its levels.

You collected 163 gold pieces.

Inventory:

Hand Weapons
 d - a +0 trident (weapon)
 j - a +0 hunting sling
 x - a +0 dagger of venom
Missiles
 e - 109 stones
 f - 31 sling bullets
Armour
 a - a +1 robe (worn)
Magical Staves
 n - a staff of fire
Jewellery
 c - a ring of poison resistance (left hand)
Wands
 i - a wand of iceblast (2)
Scrolls
 b - a scroll of fog {unknown}
 k - a scroll of amnesia {unknown}
 m - a scroll of vulnerability {unknown}
 p - a scroll of enchant armour
 q - a scroll of silence {unknown}
 r - a scroll of magic mapping {unknown}
 s - a scroll of noise
 t - a scroll of identify {unknown}
 v - a scroll of brand weapon {unknown}
Potions
 g - 2 potions of lignification
 h - 2 potions of curing
 l - 2 potions of might {unknown}
 o - 2 potions of ambrosia {unknown}
 u - a potion of heal wounds {unknown}
 w - a potion of cancellation {unknown}


   Skills:
 - Level 1.7 Dodging
 - Level 1.7 Stealth
 + Level 4.2 Spellcasting
 + Level 5.5 Conjurations
 + Level 2.9 Hexes


You had 5 spell levels left.
You knew the following spells:

 Your Spells              Type           Power      Damage    Failure   Level
a - Magic Dart            Conj           100%       1d8       1%          1
b - Searing Ray           Conj           62%        2d6       1%          2
c - Apportation           Tloc           10%        N/A       10%         1
d - Fulminant Prism       Conj/Hex       12%        3d9       17%         4

Your spell library contained the following spells:

 Spells                   Type           Power      Damage    Failure   Level
 Dazzling Flash           Conj/Hex       50%        N/A       4%          3
 Iskenderun's Mystic Bla  Conj/Tloc      18%        2d6       30%         4
 Alistair's Intoxication  Tmut/Pois      3%         N/A       95%         5


Dungeon Overview and Level Annotations

Branches:
Dungeon (4/15)             Temple (1/1) D:4


Innate Abilities, Weirdness & Mutations

Your attributes grow dramatically as you level up.
You have an increased reservoir of magic. (+10% MP)
You shall have no god before yourself.


Message History

Casting: Searing Ray (safe; 1% risk of failure)
Confirm with . or Enter, or press ? or * to list all spells.
Aiming: Magic Dart (safe; 1% risk of failure)
Press: ? - help, Shift-Dir - straight line, f - gnoll sergeant
Aim: a gnoll sergeant, wielding a +0 spear and wearing a +0 scale mail of poison resistance (moderately wounded, 100% to hit)
The magic dart hits the gnoll sergeant but does no damage.
The gnoll sergeant is moderately wounded.
Casting: Magic Dart (safe; 1% risk of failure)
Confirm with . or Enter, or press ? or * to list all spells.
Aiming: Searing Ray (safe; 1% risk of failure)
Press: ? - help, Shift-Dir - straight line, f/p - gnoll sergeant
Aim: a gnoll sergeant, wielding a +0 spear and wearing a +0 scale mail of poison resistance (moderately wounded, 85% to hit)
The searing ray hits the gnoll sergeant.
The gnoll sergeant is heavily wounded. (Press . to maintain the ray.)
The searing ray misses the gnoll sergeant.
The gnoll sergeant hits you from afar with a +0 spear!
The searing ray hits the gnoll sergeant but does no damage.
The gnoll sergeant is heavily wounded.
The gnoll sergeant hits you from afar with a +0 spear.
The searing ray hits the gnoll sergeant!
The gnoll sergeant is severely wounded.
You finish channelling your searing ray.
The gnoll sergeant hits you from afar with a +0 spear!
Casting: Searing Ray (safe; 1% risk of failure)
Confirm with . or Enter, or press ? or * to list all spells.
Aiming: Searing Ray (safe; 1% risk of failure)
Press: ? - help, Shift-Dir - straight line, f/p - gnoll sergeant
Aim: a gnoll sergeant, wielding a +0 spear and wearing a +0 scale mail of poison resistance (severely wounded, 85% to hit)
The searing ray hits the gnoll sergeant.
The gnoll sergeant is almost dead. (Press . to maintain the ray.)
The gnoll sergeant hits you from afar with a +0 spear.
The searing ray misses the gnoll sergeant.
The gnoll sergeant hits you from afar with a +0 spear!
* * * LOW HITPOINT WARNING * * *
The searing ray hits the gnoll sergeant.
The gnoll sergeant is almost dead.
The gnoll sergeant hits you from afar with a +0 spear!
You die...

........##...#g.....#
#.#.#
........##...#......#
#.#.####
#####'####...#......#
#.#....# #..#
#...###'####
#.####.### ##.###...#
#.#######g.......#
#..#####
#..............#.#
######'##
#g############...#
#.......# #.# #.###
#.......#######@# #.#
#...............#
##########.#
#...............#
#..........#
#######.........#
#.##########
#.........# #.# #
#.........###.# #
#.............# #
#.........##### ##
#.........#


You could see a gnoll sergeant.

Vanquished Creatures
  A black bear (D:4)
  An ogre (D:4)
  A necrophage (D:4)
  A scorpion (D:4)
  An orc wizard (D:4)
  2 hound skeletons (D:4)
  4 gnolls (D:4)
  2 adders
  5 dart slugs
  6 orcs
  8 ball pythons
  10 endoplasms
  2 giant cockroaches (D:3)
  10 hobgoblins
  5 quokkas
  7 bats
  7 frilled lizards
  6 goblins
  3 kobolds
  4 rats
86 creatures vanquished.

Notes
Turn   | Place    | Note
-------+----------+-------------------------------------------
     0 | D:1      | Turgor the Demigod Conjurer began the quest for the Orb.
     0 | D:1      | Reached XP level 1. HP: 14/14 MP: 5/5
   464 | D:1      | Reached XP level 2. HP: 20/20 MP: 3/7
   562 | D:1      | Learned a level 2 spell: Searing Ray
   564 | D:1      | Learned a level 1 spell: Apportation
   813 | D:1      | Reached skill level 4 in Conjurations
  1356 | D:2      | Reached XP level 3. HP: 26/26 MP: 4/9
  2492 | D:3      | Noticed a centaur
  2837 | D:4      | Noticed a black bear
  2878 | D:4      | Reached XP level 4. HP: 33/33 MP: 8/11
  2883 | D:4      | Learned a level 4 spell: Fulminant Prism
  2937 | D:4      | Reached skill level 1 in Hexes
  3156 | D:4      | Noticed a gnoll sergeant
  3495 | D:4      | Killed a black bear
  3496 | D:4      | Reached skill level 5 in Conjurations
  3496 | D:4      | Reached XP level 5. HP: 22/38 MP: 1/13
  3752 | D:4      | Noticed a necrophage
  3755 | D:4      | Killed a necrophage
  3756 | D:4      | Reached XP level 6. HP: 40/45 MP: 9/14
  4037 | D:4      | Found a staircase to the Ecumenical Temple.
  4058 | Temple   | Entered the Ecumenical Temple
  4576 | D:4      | Slain by a gnoll sergeant

Illustrated notes

Levels and vault maps discovered:
D:1:      amcnicky_arrival_abandoned_market, layout_loops_ring
D:2:      layout_loops_ring, shapermc_ecumenical_altar_venn, st_stairs_9
D:3:      layout_rooms, minmay_increasing_density
D:4:      layout_basic, minmay_temple_entry_arrows, grunt_ministairs_2
Temple:   nicolae_temple_great_sept

Skill      XL: |  1  2  3  4  5  6 |
---------------+-------------------+-----
Spellcasting   | 2 3 4 |  4.2
Conjurations   | 4 5 |  5.5
Hexes          | 1 2 |  2.9
Dodging        | |  1.7
Stealth        | |  1.7

Action                   |  1- 3 |  4- 6 || total
-------------------------+-------+-------++-------
Melee: Trident           |    15 |     1 ||    16
 Fire: Hunting sling     |     7 |       ||     7
 Cast: Magic Dart        |   109 |    69 ||   178
       Searing Ray       |       |     9 ||     9
  Use: Potion            |       |     2 ||     2
       Scroll            |       |     2 ||     2
Armor: Robe              |    10 |     4 ||    14
       Skin              |       |     2 ||     2
Dodge: Dodged            |    22 |    24 ||    46

Table legend: (Time is in decaauts)
 A = Elapsed time spent in this place.
 B = Non-inter-level travel time spent in this place.
 C = Inter-level travel time spent in this place.
 D = Time resting spent in this place.
 E = Time spent auto-exploring this place.
 F = Levels seen in this place.
 G = Mean time per level.
                   A        B        C        D        E       F      G
               +--------+--------+--------+--------+--------+-----+--------+
         Total |   4581 |   4482 |     99 |   1080 |   2123 |   5 |  916.2 |
       Dungeon |   4495 |   4396 |     99 |    995 |   2123 |   4 | 1123.8 |
        Temple |     86 |     86 |      0 |     85 |      0 |   1 |   86.0 |
               +--------+--------+--------+--------+--------+-----+--------+

Top non-repeatable levels by time:
     D:4: 1437 daAuts
     D:1: 1175 daAuts
     D:2: 989 daAuts
     D:3: 893 daAuts
  Temple: 86 daAuts
